 Dungeon Crawl Stone Soup version 0.26-a0-689-gc93c913f66 (webtiles) character file.

Game seed: 11836910586577206026

48437 Kinoniko the Swashbuckler (level 14, 0/95 HPs)
             Began as a Kobold Berserker on Oct 23, 2020.
             Was a High Priest of Trog.
             Slain by a death yak (21 damage)
             ... on level 6 of the Lair of Beasts.
             The game lasted 00:27:13 (22190 turns).

Kinoniko the Swashbuckler (Kobold Berserker)       Turns: 22190, Time: 00:27:15

Health: 0/95       AC: 18    Str: 21    XL:     14   Next: 86%
Magic:  14/14      EV: 23    Int:  8    God:    Trog [*****.]
Gold:   927        SH:  5    Dex: 17    Spells: 13/13 levels left

rFire    + + .     SeeInvis .   C - +7 rapier (venom)
rCold    . . .     Faith    .   (shield restricted)
rNeg     . . .     Spirit   .   o - +2 scale mail {rF+}
rPois    .         Reflect  +   m - +1 helmet
rElec    .         Harm     .   H - +1 cloak
rCorr    +         Rampage  .   A - +2 pair of gloves "Jiusis" {Regen+ rCorr Str-2}
MR       +++..                  k - +2 pair of boots
Stlth    +.........             y - amulet of reflection
HPRegen  1.65/turn              Y - +6 ring of strength
MPRegen  0.14/turn              B - ring of protection from fire

@: brilliant, berserk cooldown, flying, regenerating, slowed, very slow
A: small, nightstalker 3
a: Berserk, Trog's Hand, Brothers in Arms, Renounce Religion


You were on level 6 of the Lair of Beasts.
You worshipped Trog.
Trog was extremely pleased with you.
You visited 2 branches of the dungeon, and saw 16 of its levels.
You also visited: Sewer and Volcano.

You collected 1472 gold pieces.
You spent 545 gold pieces at shops.

Inventory:

Hand Weapons
 C - a +7 rapier of venom (weapon)
 O - a +0 scimitar of flaming
 W - a +5 rapier of flaming
Armour
 e - a +2 leather armour of cold resistance
 k - a +2 pair of boots (worn)
 m - a +1 helmet (worn)
 o - a +2 scale mail of fire resistance (worn)
 s - a +0 chain mail
 u - a +2 pair of gloves
 A - the +2 pair of gloves "Jiusis" (worn) {Regen+ rCorr Str-2}
   (You acquired it on level 4 of the Lair of Beasts)

   It affects your strength (-2).
   It increases your rate of regeneration.
   It provides partial protection from all sources of acid and corrosion.
 H - a +1 cloak (worn)
 I - the cursed +0 robe of the Great Game {Harm Int+2, unknown}
   (You found it on level 6 of the Lair of Beasts)

   It affects your intelligence (+2).
   It increases damage dealt and taken.
   It has a curse placed upon it.
 T - a +1 chain mail of magic resistance
 V - a +1 chain mail of fire resistance
Jewellery
 f - an uncursed ring of protection from cold
 y - an amulet of reflection (around neck)
 B - a ring of protection from fire (right hand)
 X - an uncursed ring of wizardry
 Y - a +6 ring of strength (left hand)
Wands
 w - a wand of disintegration (38)
 D - a wand of random effects (46)
 E - a wand of polymorph (26)
 F - a wand of enslavement (10)
 J - a wand of paralysis (18)
 Q - a wand of acid (7)
Scrolls
 g - 8 scrolls of remove curse
 i - 3 scrolls of amnesia
 j - 3 scrolls of magic mapping
 p - 7 scrolls of teleportation
 G - 4 scrolls of blinking
 K - 2 scrolls of vulnerability
 L - a scroll of fear
 S - a scroll of fog
Potions
 a - 5 potions of degeneration
 b - a potion of invisibility {unknown}
 d - 2 potions of resistance {unknown}
 h - 3 potions of stabbing
 l - 3 potions of curing
 n - a potion of experience {unknown}
 q - a potion of haste {unknown}
 r - a potion of ambrosia {unknown}
 v - 2 potions of mutation
 x - 2 potions of magic
 z - 4 potions of cancellation
 M - 2 potions of berserk rage {unknown}
 N - 3 potions of might
 R - a potion of brilliance
 Z - a potion of lignification {unknown}
Miscellaneous
 t - a lightning rod (4/4)


   Skills:
 + Level 13.7 Fighting
 * Level 20.9 Short Blades
 - Level 1.5 Armour
 + Level 14.5 Dodging
 - Level 0.4 Stealth


You had 13 spell levels left.
You didn't know any spells.
Your spell library contained the following spells:

 Spells                   Type           Power        Failure   Level
 Animate Skeleton         Necr           #.....       77%         1
 Corona                   Hex            #......      77%         1
 Foxfire                  Conj/Fire      #...         77%         1
 Freeze                   Ice            #...         77%         1
 Magic Dart               Conj           #...         77%         1
 Pain                     Necr           #...         77%         1
 Summon Small Mammal      Summ           #...         77%         1
 Blink                    Tloc           N/A          88%         2
 Call Imp                 Summ           #.......     88%         2
 Corpse Rot               Necr/Air       N/A          88%         2
 Slow                     Hex            #.......     88%         2
 Sublimation of Blood     Necr           #.........   88%         2
 Call Canine Familiar     Summ           #.......     98%         3
 Confusing Touch          Hex            #.......     98%         3
 Conjure Flame            Conj/Fire      #.......     98%         3
 Frozen Ramparts          Ice            #.....       98%         3
 Gell's Gravitas          Tloc           #.........   98%         3
 Inner Flame              Hex/Fire       #.......     98%         3
 Mephitic Cloud           Conj/Pois/Air  #.......     98%         3
 Ozocubu's Armour         Ice            #.......     98%         3
 Portal Projectile        Hex/Tloc       #.....       98%         3
 Summon Guardian Golem    Hex/Summ       #.......     98%         3
 Vampiric Draining        Necr           #.........   98%         3
 Animate Dead             Necr           #.........   100%        4
 Cause Fear               Hex            #.........   100%        4
 Dispel Undead            Necr           #.......     100%        4
 Hailstorm                Conj/Ice       #.......     100%        4
 Leda's Liquefaction      Hex/Erth       #.........   100%        4
 Petrify                  Tmut/Erth      #.......     100%        4
 Sticky Flame             Conj/Fire      #.......     100%        4
 Summon Ice Beast         Ice/Summ       #.......     100%        4
 Summon Lightning Spire   Summ/Air       #.......     100%        4
 Agony                    Necr           #.......     100%        5
 Excruciating Wounds      Necr           #.........   100%        5
 Fireball                 Conj/Fire      #.........   100%        5
 Metabolic Englaciation   Hex/Ice        #.........   100%        5
 Yara's Violent Unravell  Hex/Tmut       #.........   100%        5
 Iron Shot                Conj/Erth      #.........   100%        6


Dungeon Overview and Level Annotations

Branches:
Dungeon (10/15)            Temple (0/1) D:4            Lair (6/6) D:8
 Shoals (0/4) Lair:3       Spider (0/4) Lair:4        Slime (0/5) Lair:5
    Orc (0/2) D:9           Sewer (visited)         Volcano (visited)

Altars:
Ashenzari
Elyvilon
Fedhas
Makhleb
Qazlal
Wu Jian
Xom
Yredelemnul
Zin
The Shining One

Shops:
D:4 ?   D:7 :***   D:8 ?

Annotations:
Lair:5 2 transporters


Innate Abilities, Weirdness & Mutations

You are small and have problems with some larger weapons.
You are completely attuned to the shadows.


Message History

The death yak barely misses you.
Your iron troll bites the death yak!
The death yak dies!
Trog accepts your kill. The death yak gores you.
* * * LOW HITPOINT WARNING * * *
Unknown command.
You feel better. The death yak misses you. The death yak completely misses you.
Your iron troll bites the death yak!
Your iron troll claws the death yak!!
Your iron troll claws the death yak!
The death yak gores you!
* * * LOW HITPOINT WARNING * * *
The death yak misses you.
Your iron troll completely misses the death yak.
Your iron troll claws the death yak.
Your iron troll barely misses the death yak.
The death yak gores you!
* * * LOW HITPOINT WARNING * * *
You feel better.
The death yak gores you but does no damage.
The death yak gores you!!
You die...

###.....P#......#
...............P#
.......#........#
...............##
#............[..## *****
####P#..#.P......# ***,*,*
*##**,,##.....# *,,**,***
## ****#..#Y##
*,,,,,≈≈**** .#
****#..YY@# *,,,,,,≈≈≈≈*
.## **,,,...†Y##
*,,,,,,≈≈≈≈* ..#
**,,,,...TY# **,,,,,≈≈≈**
.## *,,,,*.#...#***
**,,,,,≈≈** .#
**,,,,......*,***,,,,,*≈**
.#
**,,,,......,,,,,,,,*,***
## *,,**,,,,*,,**,**,,,***
### *,,*,,,,**,***,,,,,,*
#.# *,,,*,,***,,**,,***,*


You could see 5 death yaks and a friendly iron troll (summoned, berserk).

Vanquished Creatures
  Gastronok (D:9)
  A stone giant (Volcano)
  Fannar (Lair:3)
  2 catoblepae
  3 hydras
  11 death yaks
  A deep troll shaman (Lair:6)
  Urug (Lair:5)
  A lindwurm (Lair:6)
  5 oklob plants (Lair:5)
  5 elephants (Lair:6)
  Maurice (D:9)
  2 black mambas (Lair:6)
  A gargoyle (Volcano)
  14 cane toads
  Psyche (D:8)
  2 rime drakes
  4 komodo dragons
  An efreet (Volcano)
  3 polar bears
  2 jumping spiders (Lair:4)
  34 blink frogs
  11 dream sheep (Lair:6)
  Sigmund (D:6)
  2 shadows (D:9)
  A redback (Lair:4)
  A wyvern (Lair:3)
  21 yaks
  A fire elemental (Volcano)
  A basilisk (Lair:2)
  3 wargs (D:8)
  12 water moccasins
  Duvessa (D:4)
  3 ice beasts
  4 orc warriors
  4 sky beasts
  An eye of draining (D:8)
  3 black bears
  2 necrophages
  5 wolves (Lair:6)
  8 ogres
  4 phantoms
  8 centaurs
  7 bullfrogs
  A wyvern zombie (D:6)
  Dowan (D:4)
  2 earth elementals (Volcano)
  A water moccasin skeleton (D:4)
  2 scorpions
  8 killer bees
  10 wights (D:7)
  A howler monkey (D:8)
  2 centaur zombies
  A quasit (D:8)
  A bullfrog zombie (D:6)
  3 hounds
  A bullfrog skeleton (D:7)
  2 centaur skeletons
  11 orc priests
  10 orc wizards
  3 iguanas
  Natasha (thrice) (D:3)
  8 worker ants
  6 ogre zombies (D:9)
  A hound skeleton (D:8)
  2 worker ant zombies
  A howler monkey skeleton (D:5)
  16 adders
  4 shadow imps
  A white imp (D:7)
  3 ufetubi
  3 oozes
  An adder zombie (D:7)
  A worm (D:3)
  3 dart slugs
  7 leopard geckos
  33 orcs
  8 bats
  7 giant cockroaches
  5 hobgoblins
  5 jackals (D:8)
  3 quokkas
  5 ball pythons
  10 frilled lizards
  7 goblins
  2 goblin skeletons (D:9)
  A goblin zombie (D:9)
  A hobgoblin skeleton (D:9)
  5 hobgoblin zombies (D:9)
  A jackal zombie (D:7)
  5 kobolds
  A leopard gecko skeleton (D:6)
  3 orc skeletons (D:9)
  7 orc zombies (D:9)
  A quokka zombie (D:5)
  10 rats
441 creatures vanquished.

Vanquished Creatures (collateral kills)
  A death yak (Lair:6)
1 creature vanquished.

Vanquished Creatures (others)
  22 fungi (Lair:6)
  32 plants
54 creatures vanquished.

Grand Total: 496 creatures vanquished

Notes
Turn   | Place    | Note
-------+----------+-------------------------------------------
     0 | D:1      | Kinoniko the Kobold Berserker began the quest for the Orb.
     0 | D:1      | Reached XP level 1. HP: 14/14 MP: 1/1
   256 | D:1      | Reached XP level 2. HP: 19/19 MP: 2/2
   514 | D:1      | Reached XP level 3. HP: 24/24 MP: 3/3
  1330 | D:2      | Reached skill level 5 in Short Blades
  1440 | D:2      | Found a burning altar of Makhleb.
  1479 | D:2      | Reached ** piety under Trog
  1657 | D:2      | Reached XP level 4. HP: 29/29 MP: 4/4
  1761 | D:2      | Found a basalt altar of Yredelemnul.
  2113 | D:3      | Found a glowing drain.
  2135 | Sewer    | Entered a sewer
  2363 | Sewer    | Reached XP level 5. HP: 33/33 MP: 5/5
  2541 | Sewer    | Noticed a bullfrog
  2584 | Sewer    | Killed a bullfrog
  2584 | Sewer    | Reached skill level 6 in Short Blades
  2815 | D:3      | Reached XP level 6. HP: 39/39 MP: 6/6
  3461 | D:3      | Found a glowing silver altar of Zin.
  3611 | D:3      | Reached *** piety under Trog
  3818 | D:3      | Noticed Natasha
  3822 | D:3      | Killed Natasha
  3872 | D:3      | Found a faded altar of an unknown god.
  4022 | D:3      | Noticed Natasha
  4025 | D:3      | Killed Natasha
  4025 | D:3      | Reached skill level 7 in Short Blades
  4036 | D:3      | Noticed Natasha
  4059 | D:3      | Killed Natasha
  4281 | D:3      | Reached skill level 5 in Fighting
  4333 | D:4      | Reached XP level 7. HP: 44/44 MP: 7/7
  4488 | D:4      | Found a shimmering altar of Xom.
  4550 | D:4      | Found an ornate altar of the Wu Jian Council.
  4671 | D:4      | Reached skill level 8 in Short Blades
  4671 | D:4      | Reached skill level 5 in Dodging
  5005 | D:4      | Reached XP level 8. HP: 40/51 MP: 8/8
  5253 | D:4      | Found a staircase to the Ecumenical Temple.
  5317 | D:4      | Noticed Dowan
  5318 | D:4      | Noticed Duvessa
  5324 | D:4      | Killed Duvessa
  5331 | D:4      | Killed Dowan
  5331 | D:4      | Reached skill level 9 in Short Blades
  5548 | D:4      | Found Dysecwue's Magic Scroll Shop.
  5551 | D:4      | Bought a scroll of enchant armour for 82 gold pieces
  5551 | D:4      | Bought a scroll of identify for 22 gold pieces
  5564 | D:4      | Found a blossoming altar of Fedhas.
  5880 | D:5      | Entered Level 5 of the Dungeon
  6750 | D:5      | Reached skill level 10 in Short Blades
  6860 | D:6      | Reached XP level 9. HP: 56/56 MP: 9/9
  6992 | D:6      | Reached **** piety under Trog
  7092 | D:6      | Found a white marble altar of Elyvilon.
  7304 | D:6      | Reached skill level 11 in Short Blades
  7388 | D:6      | Found a stormy altar of Qazlal.
  7855 | D:6      | Noticed Sigmund
  7866 | D:6      | Killed Sigmund
  8207 | D:6      | Reached skill level 12 in Short Blades
  8369 | D:7      | Found Nenoo's General Store.
  8374 | D:7      | Bought a scroll of blinking for 112 gold pieces
  8374 | D:7      | Bought a scroll of blinking for 112 gold pieces
  8374 | D:7      | Bought a scroll of enchant armour for 112 gold pieces
  8432 | D:7      | Reached XP level 10. HP: 64/64 MP: 10/10
  8646 | D:7      | Found Evvietocs's Book Shop.
  9026 | D:7      | Found Sihashol's Lightly-Used Armoury.
  9188 | D:7      | Reached skill level 13 in Short Blades
  9297 | D:7      | Found Lagum's General Store.
  9748 | D:8      | Reached ***** piety under Trog
  9785 | D:8      | Noticed Psyche
  9803 | D:8      | Identified the Volume of Creative Earth
  9806 | D:8      | Killed Psyche
  9975 | D:8      | Found a glowing golden altar of the Shining One.
 10038 | D:8      | Found Gabus's Magic Scroll Shop.
 10043 | D:8      | Bought a scroll of enchant weapon for 105 gold pieces
 10363 | D:8      | Reached skill level 14 in Short Blades
 10379 | D:8      | Found a staircase to the Lair.
 10385 | D:8      | Reached XP level 11. HP: 71/71 MP: 11/11
 10558 | D:8      | Found a broken altar of Ashenzari.
 10965 | D:9      | Noticed Gastronok
 10977 | D:9      | Killed Gastronok
 10977 | D:9      | Reached skill level 15 in Short Blades
 10977 | D:9      | Reached skill level 10 in Dodging
 10980 | D:9      | Reached skill level 10 in Fighting
 11133 | D:9      | Found a staircase to the Orcish Mines.
 11228 | D:9      | Noticed Maurice
 11240 | D:9      | Killed Maurice
 11480 | D:9      | Received a gift from Trog
 12138 | D:10     | Entered Level 10 of the Dungeon
 13460 | Lair:1   | Entered Level 1 of the Lair of Beasts
 13495 | Lair:1   | Noticed a seven-headed hydra
 13503 | Lair:1   | Killed a seven-headed hydra
 13507 | Lair:1   | Reached skill level 16 in Short Blades
 13518 | Lair:1   | Reached XP level 12. HP: 67/78 MP: 12/12
 15808 | Lair:3   | Found a staircase to the Shoals.
 15818 | Lair:3   | Reached skill level 17 in Short Blades
 16132 | Lair:3   | Noticed Fannar
 16144 | Lair:3   | Killed Fannar
 16987 | Lair:4   | Noticed a catoblepas
 17002 | Lair:4   | Killed a catoblepas
 17052 | Lair:4   | Identified a scroll of acquirement
 17054 | Lair:4   | Acquired the +2 pair of gloves "Jiusis" {Regen+ rCorr
                  | Str-2}
 17378 | Lair:4   | Reached XP level 13. HP: 83/85 MP: 13/13
 17655 | Lair:4   | Reached skill level 18 in Short Blades
 17974 | Lair:4   | Found a hole to the Spider Nest.
 19165 | Lair:5   | Noticed Urug
 19183 | Lair:5   | Killed Urug
 19510 | Lair:5   | Found a transporter.
 19603 | Lair:5   | You fall into a shaft and drop 1 floor!
 19603 | Lair:6   | Entered Level 6 of the Lair of Beasts
 19676 | Lair:6   | Reached skill level 19 in Short Blades
 19831 | Lair:6   | Found a dark tunnel.
 19837 | Volcano  | Entered a volcano
 19992 | Volcano  | Noticed a stone giant
 20005 | Volcano  | Killed a stone giant
 20365 | Lair:6   | Noticed an eight-headed hydra
 20370 | Lair:6   | Killed a four-headed hydra
 20572 | Lair:6   | Reached XP level 14. HP: 92/92 MP: 14/14
 20708 | Lair:5   | Found a transporter.
 21182 | Lair:5   | Found a staircase to the Slime Pits.
 21214 | Lair:5   | Received a gift from Trog
 21470 | Lair:6   | Reached skill level 20 in Short Blades
 21975 | Lair:6   | Got a heavy robe
 22190 | Lair:6   | Slain by a death yak

Illustrated notes

Levels and vault maps discovered:
D:1:      minmay_arrival_split_and_join, layout_basic
D:2:      layout_basic, lemuel_crystal_altar, lemuel_crystal_altar,
          minmay_misc_feat_more_columns, minivault_19
D:3:      minmay_skewed_foursquare, layout_loops_ring,
          nicolae_overflow_crystal_walls, gup_sewer_entry_glass,
          chequers_ecumenical_altar_simple, uniq_natasha
D:4:      minmay_chambers_of_fours, layout_basic, fedhas_altar_2,
          old_standard_altar, xom_teletrap_fun, temple_green, serial_shops,
          kennysheep_mini_moat, uniq_duvessa
D:5:      layout_rooms, hangedman_decor_peaks_small
D:6:      minmay_recursive_quarters, layout_gridville, marbit_many_paths,
          grunt_qazlal_sundering, uniq_sigmund
D:7:      layout_basic, serial_shops, nicolae_shop_stone, shop,
          nicolae_shop_statue_plus, minmay_shop_damaged
D:8:      layout_cave_pools, old_standard_altar, lemuel_doored_altar,
          erik_lair_orcish_takeover, serial_shops, shop, uniq_psyche
D:9:      layout_roguey, zombieorc1_lemuel, minmay_microvault, uniq_maurice,
          uniq_gastronok
D:10:     layout_irregular_city, water_maze_lemuel
Lair:1:   layout_regular_city, grunt_megastairs_4
Lair:2:   layout_cave_shapes, infiniplex_staircase_pool_2, lemuel_fruit_tree
Lair:3:   layout_cave_pods, minmay_shoals_entry_centaurs,
          chequers_serial_rivers_micro_b, chequers_serial_rivers_room_b,
          infiniplex_staircase_pool, uniq_fannar
Lair:4:   layout_cave_pods, spider_nest_entry_funnel_web, st_stairs_10
Lair:5:   gammafunk_cloud_chamber, layout_cave_pods,
          minmay_slime_entry_oklob_enclosed, uniq_urug
Lair:6:   grunt_lair_end_beastmaster, layout_loops_ring,
          nicolae_volcano_entry_two_sided, grunt_megastairs_2,
          serial_bayou_shore_b

Skill      XL: |  1  2  3  4  5  6  7  8  9 10 11 12 13 14 |
---------------+-------------------------------------------+-----
Fighting       | 4 5 6 7 9 10 11 12 13 | 13.7
Short Blades   | 5 6 7 8 10 12 14 16 17 19 20 | 20.9
Dodging        | 3 4 5 6 8 9 11 12 13 14 | 14.5
Armour         | |  1.5
Stealth        | |  0.4

Action                   |  1- 3 |  4- 6 |  7- 9 | 10-12 | 13-15 || total
-------------------------+-------+-------+-------+-------+-------++-------
Melee: Short sword       |    87 |   223 |   132 |       |       ||   442
       Rapier            |       |       |   166 |   705 |   614 ||  1485
       Scimitar          |       |       |       |       |    11 ||    11
Invok: Berserk           |     4 |    14 |    20 |    26 |    14 ||    78
       Trog's Hand       |       |     1 |       |       |     2 ||     3
       Brothers in Arms  |       |       |       |       |     1 ||     1
  Use: Scroll            |       |     1 |    15 |    14 |    11 ||    41
       Potion            |       |     1 |       |       |     7 ||     8
 Stab: Sleeping          |     8 |     1 |     7 |     6 |     1 ||    23
       Distracted        |       |       |       |     1 |     1 ||     2
Armor: Animal skin       |    10 |       |       |       |       ||    10
       Leather armour    |       |    12 |    17 |    31 |       ||    60
       Chain mail        |       |    69 |    19 |       |       ||    88
       Scale mail        |       |       |       |    37 |    91 ||   128
Dodge: Dodged            |    52 |   123 |   107 |   312 |   294 ||   888
Block: Other             |       |       |    30 |    80 |    84 ||   194
       Reflection        |       |       |       |     1 |     2 ||     3

Table legend: (Time is in decaauts)
 A = Elapsed time spent in this place.
 B = Non-inter-level travel time spent in this place.
 C = Inter-level travel time spent in this place.
 D = Time resting spent in this place.
 E = Time spent auto-exploring this place.
 F = Levels seen in this place.
 G = Mean time per level.
                   A        B        C        D        E       F      G
               +--------+--------+--------+--------+--------+-----+--------+
         Total |  22190 |  21695 |    495 |   6154 |  12946 |  18 | 1232.8 |
       Dungeon |  12910 |  12532 |    378 |   3524 |   7514 |  10 | 1291.0 |
          Lair |   7993 |   7876 |    117 |   2310 |   4768 |   6 | 1332.2 |
         Sewer |    793 |    793 |      0 |    212 |    399 |   1 |  793.0 |
       Volcano |    493 |    493 |      0 |    107 |    264 |   1 |  493.0 |
               +--------+--------+--------+--------+--------+-----+--------+

Top non-repeatable levels by time:
  Lair:4: 2044 daAuts
     D:3: 1623 daAuts
     D:4: 1570 daAuts
     D:6: 1560 daAuts
     D:9: 1486 daAuts
  Lair:3: 1373 daAuts
  Lair:5: 1370 daAuts
  Lair:1: 1329 daAuts
    D:10: 1315 daAuts
     D:7: 1223 daAuts
  Lair:6: 1209 daAuts
     D:1: 1202 daAuts
     D:8: 1046 daAuts
     D:5: 971 daAuts
     D:2: 911 daAuts
